Map: [ESL] Gresvan

Players

HeroMarine

  • Race: Terran Terran
  • Spawn Location: 11:00

ByuN - Winner!

  • Race: Terran Terran
  • Spawn Location: 5:00

Event: IEM Katowice 2023

VOD

Have the link to the VOD?

Description

Time

  • Played on: Feb. 10, 2023, 11:15 a.m.
  • Length: 4:12

All games in this series

Show
View Real Time Build Order
Export as new Build Order

HeroMarine Terran 

Build Orders:  

Get SALT Encoding   

  12  0:00  SCV  
  13  0:12  SCV  
  14  0:18  Supply Depot  
  14  0:24  SCV  
  15  0:40  Barracks  
  15  0:43  Refinery  
  15  0:57  Barracks  
  15  0:59  SCV  
  16  1:12  SCV  
  17  1:25  Refinery  
  17  1:27  Barracks Tech Lab  
  17  1:28  SCV  
  18  1:45  Barracks Tech Lab  
  18  1:46  Marauder  
  21  1:48  Supply Depot  
  21  1:53  Concussive Shells  
  20  2:04  Marauder  
  22  2:10  Marauder  
  24  2:25  Marauder  
  26  2:31  Marauder  
  26  2:32  Supply Depot  
  28  2:47  Marauder  
  30  2:54  Marauder  
  32  3:08  Marauder  
  34  3:15  Marauder  
  28  3:29  Marauder  
  28  3:35  Orbital Command  
  28  3:37  Marauder  
  30  4:00  Factory  
Show
View Real Time Build Order
Export as new Build Order

ByuN Terran - Winner!

Build Orders: Reaper Expand 

Get SALT Encoding   

  12  0:00  SCV  
  13  0:12  SCV  
  14  0:16  Supply Depot  
  14  0:24  SCV  
  15  0:38  SCV  
  15  0:39  Barracks  
  16  0:43  Refinery  
  16  0:50  SCV  
  17  1:02  SCV  
  18  1:14  SCV  
  19  1:26  Supply Depot, Reaper  
  19  1:27  Orbital Command  
  20  1:45  Command Center  
  20  1:52  SCV  
  21  1:57  Marine  
  22  2:02  Factory  
  22  2:05  SCV  
  23  2:11  Refinery  
  23  2:17  SCV  
  23  2:19  Barracks Reactor  
  24  2:23  Barracks  
  25  2:30  SCV  
  25  2:42  SCV  
  26  2:45  Factory Tech Lab  
  26  2:54  SCV  
  26  2:56  Marine  
  26  2:57  Marine  
  29  2:59  Orbital Command  
  29  3:03  Siege Tank  
  31  3:13  SCV  
  31  3:14  Marine x2  
  28  3:25  SCV  
  26  3:32  Marine x2  
  26  3:33  SCV  
  26  3:37  SCV  
  23  3:45  SCV  
  24  3:50  SCV  
  24  3:52  Starport  

Tags
 
Add a new tag
Caveats
  • Supply blocks, unpowered buildings, or Contaminate may cause inaccurate times.
  • Supply counts are checked every 10 seconds.